 Dungeon Crawl Stone Soup version 0.29-a0-668-g12ee2bf84d (webtiles) character file.

Game seed: 784649437505647882

1153 DocClef the Shield-Bearer (level 8, -4/60 HPs)
             Began as a Gnoll Fighter on June 23, 2022.
             Was a Follower of Hepliaklqana.
             Killed by divine providence
             ... invoked by an orc priest
              (10 damage)
             ... on level 6 of the Dungeon.
             The game lasted 00:06:15 (5388 turns).

DocClef the Shield-Bearer (Gnoll Fighter)           Turns: 5388, Time: 00:06:16

Health: -4/60      AC: 16    Str: 17    XL:     8   Next: 38%
Magic:  12/12      EV: 10    Int:  8    God:    Hepliaklqana [*.....]
Gold:   275        SH: 10    Dex: 10    Spells: 13/13 levels left

rFire   + . .      SeeInvis .   a - +0 flail
rCold   . . .      Faith    .   c - +0 buckler
rNeg    . . .      Spirit   .   b - +0 scale mail
rPois   .          Reflect  +   v - +0 helmet
rElec   .          Harm     .   B - +0 cloak
rCorr   .          Rampage  .   (no gloves)
Will    .....                   (no boots)
Stlth   +.........              j - amulet of reflection
HPRegen 0.20/turn               m - +4 ring of protection
MPRegen 0.13/turn               e - ring of protection from fire

@: lethally poisoned (-4 -> -6), marked
A: reduced essence, fangs 1, strong nose, distributed training, iridescent
scales 1, clumsy 1
a: Renounce Religion, Recall Ancestor, Ancestor Identity


You were on level 6 of the Dungeon.
You worshipped Hepliaklqana.
Hepliaklqana was aware of your devotion.
You visited 1 branch of the dungeon, and saw 6 of its levels.

You collected 275 gold pieces.

Inventory:

Hand Weapons
 a - a +0 flail (weapon)
 n - a +0 whip of holy wrath
Armour
 b - a +0 scale mail (worn)
 c - a +0 buckler (worn)
 v - a +0 helmet (worn)
 B - a +0 cloak (worn)
Jewellery
 e - a ring of protection from fire (right hand)
 j - an amulet of reflection (around neck)
 m - a +4 ring of protection (left hand)
 r - a ring of magical power
Scrolls
 h - 2 scrolls of vulnerability {unknown}
 i - 2 scrolls of enchant armour {unknown}
 k - 2 scrolls of poison {unknown}
 l - a scroll of brand weapon {unknown}
 o - 5 scrolls of identify {unknown}
 p - 2 scrolls of silence {unknown}
 q - 2 scrolls of blinking {unknown}
 s - 2 scrolls of fog {unknown}
 w - 2 scrolls of fear {unknown}
 x - 3 scrolls of teleportation {unknown}
 y - 2 scrolls of torment {unknown}
Potions
 d - a potion of might
 f - a potion of mutation
 g - 3 potions of haste
 t - 2 potions of curing
 u - 2 potions of ambrosia {unknown}
 z - a potion of heal wounds {unknown}
 A - a potion of magic {unknown}
 C - a potion of lignification {unknown}


   Skills:
 + Level 7.3 Fighting
 + Level 3.2 Short Blades
 + Level 3.2 Long Blades
 + Level 3.2 Axes
 + Level 5.6 Maces & Flails
 + Level 3.2 Polearms
 + Level 3.2 Staves
 + Level 3.2 Slings
 + Level 3.2 Bows
 + Level 3.2 Crossbows
 + Level 3.2 Throwing
 + Level 7.3 Armour
 + Level 3.2 Dodging
 + Level 3.2 Stealth
 + Level 7.3 Shields
 + Level 3.2 Unarmed Combat
 + Level 3.2 Spellcasting
 + Level 2.6 Conjurations
 + Level 2.6 Hexes
 + Level 2.6 Summonings
 + Level 2.6 Necromancy
 + Level 2.6 Translocations
 + Level 2.6 Transmutations
 + Level 2.6 Fire Magic
 + Level 2.6 Ice Magic
 + Level 2.6 Air Magic
 + Level 2.6 Earth Magic
 + Level 2.6 Poison Magic
 + Level 3.5 Invocations
 + Level 3.2 Evocations


You had 13 spell levels left.
You didn't know any spells.
Your spell library contained the following spells:

 Spells                   Type           Power      Damage    Failure   Level
 Freeze                   Ice            20%        1d4       36%         1
 Slow                     Hex            20%        N/A       36%         1
 Confusing Touch          Hex            5%         N/A       75%         3
 Frozen Ramparts          Ice            10%        1d3       75%         3
 Vampiric Draining        Necr           5%         2d6       75%         3
 Hailstorm                Conj/Ice       5%         3d4       98%         4


Dungeon Overview and Level Annotations

Branches:
Dungeon (6/15)
 Temple: D:4-7

Altars:
Hepliaklqana
Qazlal
Trog
Yredelemnul
Zin


Innate Abilities, Weirdness & Mutations

Your life essence is reduced to manifest your ancestor. (-10% HP)
You have very sharp teeth.
Your uncanny sense of smell can sniff out nearby items.
Your experience applies equally to all skills.
You are partially covered in iridescent scales. (AC +2)
You are clumsy. (Dex -2)


Message History

You block the gnoll's attack. The orc priest closely misses you.
The sky beast flickers out of sight!
Deactivating autopickup; reactivate with Ctrl-A.
The gnoll attacks as you move away! The gnoll closely misses you.
The adder bites you.
You are poisoned.
The adder poisons you!
An adder comes into view.
You block the orc priest's attack.
The orc wizard hits you but does no damage.
You are more poisoned.
You block the gnoll's attack. x2; The orc priest hits you with a +0 club.
The gnoll hits you from afar with a +0 halberd!
The gnoll attacks as you move away! You block the gnoll's attack.
You feel very sick. The adder closely misses you.
The orc priest invokes the aid of Beogh against you.
Beogh smites you!
The orc priest invokes the aid of Beogh against you.
You struggle to resist.
You block the gnoll's attack.
The gnoll hits you from afar with a +0 halberd!
The iguana bites you!
* * * LOW HITPOINT WARNING * * *
You block the adder's attack.
The orc priest attacks as you move away!
You block the orc priest's attack. The adder attacks as you move away!
The adder closely misses you.
You feel very sick.
An adder comes into view.
The iguana attacks as you move away! The iguana closely misses you.
You feel sick.
The orc priest hits you but does no damage.
You block the gnoll's attack.
You feel sick.
You feel sick.
You feel sick.
You feel sick.
The orc priest invokes the aid of Beogh against you.
Beogh smites you!
You die...

##..## #.##
##..####.# #.......#
#....#..# ##<..#..#
#.#....# ##.
####...# #... ##..#
#.... #@.# #.....
##.##...... ..####
#o#.......
.....)######l.......
#.....)...##og......
#.....)...g.o.S.....
..##........g>......
###..............
##.....#.......


You could see an iguana, 2 orc priests, an orc wizard, a gnoll and an adder.

Vanquished Creatures
  Grinder (D:3)
  An ice beast (D:5)
  A scorpion (D:5)
  A howler monkey (D:5)
  An orc priest (D:4)
  A gnoll shaman (D:5)
  4 hounds
  4 iguanas
  Terence (D:3)
  2 orc wizards
  Natasha (thrice) (D:3)
  8 adders
  3 gnolls (D:4)
  A worm (D:3)
  4 dart slugs
  19 orcs
  8 ball pythons
  8 endoplasms
  5 giant cockroaches
  6 goblins
  8 hobgoblins
  11 jackals
  2 kobolds (D:2)
  3 quokkas
  3 bats (D:1)
  2 frilled lizards
  8 rats
119 creatures vanquished.

Vanquished Creatures (collateral kills)
  A necrophage (D:5)
  An orc wizard (D:6)
  An adder (D:6)
  An orc (D:6)
4 creatures vanquished.

Vanquished Creatures (others)
  An orc priest (D:5)
  An ancestor (D:6)
  25 plants
27 creatures vanquished.

Grand Total: 150 creatures vanquished

Notes
Turn   | Place    | Note
-------+----------+-------------------------------------------
     0 | D:1      | DocClef the Gnoll Fighter began the quest for the Orb.
     0 | D:1      | Reached XP level 1. HP: 23/23 MP: 1/1
    47 | D:1      | Reached XP level 2. HP: 29/29 MP: 2/2
   431 | D:1      | Reached XP level 3. HP: 35/35 MP: 3/3
   684 | D:1      | Reached skill level 1 in Invocations
  1257 | D:2      | Reached skill level 1 in Short Blades
  1257 | D:2      | Reached skill level 1 in Long Blades
  1257 | D:2      | Reached skill level 1 in Axes
  1257 | D:2      | Reached skill level 1 in Polearms
  1257 | D:2      | Reached skill level 1 in Staves
  1257 | D:2      | Reached skill level 1 in Slings
  1257 | D:2      | Reached skill level 1 in Bows
  1257 | D:2      | Reached skill level 1 in Crossbows
  1257 | D:2      | Reached skill level 1 in Throwing
  1257 | D:2      | Reached skill level 1 in Dodging
  1257 | D:2      | Reached skill level 1 in Stealth
  1257 | D:2      | Reached skill level 1 in Unarmed Combat
  1257 | D:2      | Reached skill level 1 in Spellcasting
  1257 | D:2      | Reached skill level 1 in Evocations
  1734 | D:2      | Reached XP level 4. HP: 41/41 MP: 5/5
  1910 | D:3      | Noticed Natasha
  1921 | D:3      | Killed Natasha
  1922 | D:3      | Reached skill level 1 in Conjurations
  1922 | D:3      | Reached skill level 1 in Hexes
  1922 | D:3      | Reached skill level 1 in Summonings
  1922 | D:3      | Reached skill level 1 in Necromancy
  1922 | D:3      | Reached skill level 1 in Translocations
  1922 | D:3      | Reached skill level 1 in Transmutations
  1922 | D:3      | Reached skill level 1 in Fire Magic
  1922 | D:3      | Reached skill level 1 in Ice Magic
  1922 | D:3      | Reached skill level 1 in Air Magic
  1922 | D:3      | Reached skill level 1 in Earth Magic
  1922 | D:3      | Reached skill level 1 in Poison Magic
  2204 | D:3      | Found a faded altar of an unknown god.
  2366 | D:3      | Reached XP level 5. HP: 44/47 MP: 6/6
  2384 | D:3      | Noticed Grinder
  2392 | D:3      | Paralysed by Grinder for 2 turns
  2401 | D:3      | Paralysed by Grinder for 5 turns
  2411 | D:3      | Paralysed by Grinder for 2 turns
  2416 | D:3      | Killed Grinder
  2417 | D:3      | Reached skill level 5 in Maces & Flails
  2417 | D:3      | Reached XP level 6. HP: 17/53 MP: 6/9
  2641 | D:3      | Noticed Natasha
  2647 | D:3      | Killed Natasha
  2802 | D:3      | Noticed Natasha
  2803 | D:3      | Noticed Terence
  2811 | D:3      | Killed Terence
  2820 | D:3      | Killed Natasha
  2952 | D:3      | Reached XP level 7. HP: 56/59 MP: 10/10
  3576 | D:4      | Found a glowing silver altar of Zin.
  3582 | D:4      | Found a basalt altar of Yredelemnul.
  3601 | D:4      | Found a bloodstained altar of Trog.
  3601 | D:4      | Found a stormy altar of Qazlal.
  3723 | D:4      | Found a hazy altar of Hepliaklqana.
  3757 | D:4      | Became a worshipper of Hepliaklqana the Forgotten
  3836 | D:4      | Gained mutation: You are clumsy. (Dex -2) [potion of
                  | mutation]
  3836 | D:4      | Gained mutation: You are partially covered in iridescent
                  | scales. (AC +2) [potion of mutation]
  4144 | D:5      | Entered Level 5 of the Dungeon
  4395 | D:5      | Reached XP level 8. HP: 37/67 MP: 12/12
  4928 | D:5      | Reached * piety under Hepliaklqana
  5388 | D:6      | Killed from afar by an orc priest

Illustrated notes

Levels and vault maps discovered:
D:1:      dpeg_arrival_simpleton_c, layout_rooms, serial_forest,
          infiniplex_forest_end_1, infiniplex_forest_lined_corner,
          infiniplex_forest_lined_2, infiniplex_forest_lined_3,
          infiniplex_forest_end_1, infiniplex_forest_clump_curved,
          infiniplex_forest_clump_small, infiniplex_forest_end_1,
          serial_bayou_ford_a, minivault_27, minivault_14, minmay_bisected
D:2:      layout_loops_ring, mrwooster_statue_mirror, grunt_ministairs_11
D:3:      layout_basic, basic_ecumenical_altar, uniq_natasha, uniq_terence,
          uniq_grinder
D:4:      layout_loops_cross, nicolae_overflow_hallway_of_the_gods,
          serial_bayou, serial_bayou_lagoon_a, serial_bayou_lake_a,
          serial_bayou_shore_a, serial_bayou_pond_b, dk_rats_in_the_wall
D:5:      minmay_inner_zag, layout_basic
D:6:      layout_cave_pods, minmay_temple_entry_ruins, uniq_blork_the_orc

Skill      XL: |  1  2  3  4  5  6  7  8 |
---------------+-------------------------+-----
Invocations    | 1 2 3 |  3.5
Short Blades   | 1 2 3 |  3.2
Long Blades    | 1 2 3 |  3.2
Axes           | 1 2 3 |  3.2
Polearms       | 1 2 3 |  3.2
Staves         | 1 2 3 |  3.2
Slings         | 1 2 3 |  3.2
Bows           | 1 2 3 |  3.2
Crossbows      | 1 2 3 |  3.2
Throwing       | 1 2 3 |  3.2
Dodging        | 1 2 3 |  3.2
Stealth        | 1 2 3 |  3.2
Unarmed Combat | 1 2 3 |  3.2
Spellcasting   | 1 2 3 |  3.2
Evocations     | 1 2 3 |  3.2
Conjurations   | 1 2 |  2.6
Hexes          | 1 2 |  2.6
Summonings     | 1 2 |  2.6
Necromancy     | 1 2 |  2.6
Translocations | 1 2 |  2.6
Transmutations | 1 2 |  2.6
Fire Magic     | 1 2 |  2.6
Ice Magic      | 1 2 |  2.6
Air Magic      | 1 2 |  2.6
Earth Magic    | 1 2 |  2.6
Poison Magic   | 1 2 |  2.6
Maces & Flails | 5 |  5.6
Fighting       | 7 |  7.3
Armour         | 7 |  7.3
Shields        | 7 |  7.3

Action                   |  1- 3 |  4- 6 |  7- 9 || total
-------------------------+-------+-------+-------++-------
Melee: Flail             |    98 |   123 |   270 ||   491
       Bite              |     6 |    14 |    16 ||    36
  Use: Potion            |       |     6 |     2 ||     8
 Stab: Invisible         |       |       |     1 ||     1
Armor: Scale mail        |    56 |    84 |   173 ||   313
Dodge: Dodged            |    39 |    62 |   149 ||   250
Block: Buckler           |    23 |    36 |    88 ||   147
       Reflection        |       |       |     1 ||     1

Table legend: (Time is in decaauts)
 A = Elapsed time spent in this place.
 B = Non-inter-level travel time spent in this place.
 C = Inter-level travel time spent in this place.
 D = Time resting spent in this place.
 E = Time spent auto-exploring this place.
 F = Levels seen in this place.
 G = Mean time per level.
                   A        B        C        D        E       F      G
               +--------+--------+--------+--------+--------+-----+--------+
         Total |   5569 |   5356 |    213 |    137 |   4133 |   6 |  928.2 |
       Dungeon |   5569 |   5356 |    213 |    137 |   4133 |   6 |  928.2 |
               +--------+--------+--------+--------+--------+-----+--------+

Top non-repeatable levels by time:
     D:3: 1297 daAuts
     D:4: 1124 daAuts
     D:5: 1070 daAuts
     D:1: 1012 daAuts
     D:2: 864 daAuts
     D:6: 200 daAuts
